 Dungeon Crawl Stone Soup version 0.28.0 (webtiles) character file.

Game seed: 12679465852838947940

1659 thesequoiad the Frost Mage (level 8, -6/54 HPs)
             Began as a Demonspawn Ice Elementalist on Feb 19, 2022.
             Mangled by an orc warrior (12 damage)
             ... on level 6 of the Dungeon.
             The game lasted 00:19:04 (6200 turns).

thesequoiad the Frost Mage (DsIE)                   Turns: 6200, Time: 00:19:04

Health: -6/54      AC:  9    Str: 10    XL:     8   Next: 68%
Magic:  14/15      EV: 11    Int: 17    God:
Gold:   248        SH:  0    Dex: 18    Spells: 9/17 levels left

rFire   . . .      SeeInvis +   k - +0 morningstar
rCold   . . .      Faith    .   (no shield)
rNeg    . . .      Spirit   .   n - +1 ring mail {rPois}
rPois   +          Reflect  .   e - +2 hat
rElec   .          Harm     .   (no cloak)
rCorr   .          Rampage  .   (no gloves)
Will    .....                   b - +0 pair of boots
Stlth   +++.......              (no amulet)
HPRegen 0.18/turn               c - ring of see invisible
MPRegen 0.14/turn               (no ring)

@: confused, mighty
A: claws 1, thin skeletal structure 2, powered by pain 1, demonic magic 2, frail
1, sturdy frame 1
a: no special abilities


You were on level 6 of the Dungeon.
You visited 2 branches of the dungeon, and saw 7 of its levels.

You collected 248 gold pieces.

Inventory:

Hand Weapons
 j - a +0 spear
 k - a +0 morningstar (weapon)
Missiles
 r - a throwing net
Armour
 b - a +0 pair of boots (worn)
 e - a +2 hat (worn)
 n - a +1 ring mail of poison resistance (worn)
 p - a +0 tower shield
Jewellery
 c - a ring of see invisible (left claw)
 l - a ring of ice
 q - a ring of protection from fire
Wands
 m - a wand of acid (10)
Scrolls
 g - 2 scrolls of identify
 i - a scroll of magic mapping
 o - a scroll of blinking
 s - a scroll of torment


   Skills:
 + Level 4.2 Fighting
 - Level 1.7 Dodging
 - Level 1.7 Stealth
 - Level 5.0 Spellcasting
 + Level 4.0 Conjurations
 - Level 8.0 Ice Magic


You had 9 spell levels left.
You knew the following spells:

 Your Spells              Type           Power      Damage    Failure   Level
a - Freeze                Ice            100%       1d11      1%          1
b - Frozen Ramparts       Ice            62%        1d8       2%          3
c - Hailstorm             Conj/Ice       24%        3d7       19%         4

Your spell library contained the following spells:

 Spells                   Type           Power      Damage    Failure   Level
 Ozocubu's Armour         Ice            31%        N/A       2%          3
 Static Discharge         Conj/Air       11%        N/A       16%         2
 Sticky Flame             Conj/Fire      11%        2d3       69%         4
 Dispel Undead            Necr           4%         3d7       92%         4


Dungeon Overview and Level Annotations

Branches:
Dungeon (6/15)             Temple (1/1) D:4

Altars:
Ashenzari
Cheibriados
Dithmenos
Elyvilon
Fedhas
Hepliaklqana
Kikubaaqudgha
Nemelex Xobeh
Okawaru
Qazlal
Ru
Sif Muna
Uskayaw
Wu Jian
Xom
Zin

Annotations:
D:4 1 runed translucent door, Boromir's ghost, novice HOFi


Innate Abilities, Weirdness & Mutations

You have sharp fingernails.
You have a moderately thin skeletal structure. (Dex +4, Stealth++)
You sometimes gain a little power by taking damage.
Spells you cast may paralyse nearby enemies.
You are frail. (-10% HP)
Your movements are slightly less encumbered by armour. (ER -2)


Message History

The wall freezes the gnoll.
The gnoll hits you with a +0 whip.
The wall freezes the orc warrior.
The wall freezes the gnoll.
You kill the gnoll!
The wall freezes the gnoll.
The gnoll hits you with a +0 whip.
You hit the gnoll.
The gnoll is almost dead.
The wall freezes the orc warrior.
The wall freezes the orc wizard!
The orc wizard points at you and mumbles some strange words.
You are confused.
The wall freezes the gnoll!
You kill the gnoll!
A gnoll sergeant comes into view.
It is wielding a +0 spear and wearing a +1 ring mail of fire resistance.
Your Conjurations skill increases to level 4!
Your frozen ramparts will break if you move.
Continue?
Okay, then.
You aren't carrying any potions.
The wall freezes the orc wizard.
The wall freezes the orc warrior.
The orc warrior barely misses you.
The wall freezes the orc wizard.
The orc wizard hits you with a +1 dagger of protection.
The wall freezes the orc warrior.
The orc warrior hits you with a +0 battleaxe.
The frozen ramparts melt away.
The orc wizard hits you but does no damage.
The orc warrior barely misses you.
You're too confused to cast spells.
You bump into the rock wall.
The orc wizard hits you with a +1 dagger of protection.
The orc warrior hits you with a +0 battleaxe!!
* * * LOW HITPOINT WARNING * * *
You focus on the pain.
You feel very mighty all of a sudden.
Unknown command.
Unknown command.
You aren't carrying any potions.
Unknown command.
You hit the orc wizard.
You kill the orc wizard!
The orc warrior hits you with a +0 battleaxe!
You die...

# ### #.
####.##
#.#####)@..<#
#.....)o##..#
#..$........#
#...g#########
#....# ......
..... #...#
#...


You could see an orc warrior and a gnoll.

Vanquished Creatures
  A water moccasin (D:2)
  An orc warrior (D:3)
  A sky beast (D:5)
  An ice beast (D:5)
  A black bear (D:5)
  A necrophage (D:5)
  An ogre (D:5)
  A centaur (D:5)
  A phantom (D:4)
  A scorpion (D:4)
  5 killer bees (D:4)
  2 centaur zombies (D:5)
  4 hounds (D:5)
  A jelly (D:5)
  An orc priest (D:4)
  2 iguanas (D:4)
  Terence (D:2)
  3 orc wizards
  A hound skeleton (D:5)
  10 adders
  4 gnolls (D:6)
  2 white imps (D:5)
  A worm (D:4)
  10 orcs
  3 ball pythons
  3 bats
  3 endoplasms
  4 giant cockroaches
  5 goblins
  2 hobgoblins (D:3)
  3 jackals (D:4)
  2 quokkas
  3 frilled lizards
  4 kobolds
  3 rats (D:2)
92 creatures vanquished.

Vanquished Creatures (others)
  A plant (D:6)
1 creature vanquished.

Grand Total: 93 creatures vanquished

Notes
Turn   | Place    | Note
-------+----------+-------------------------------------------
     0 | D:1      | thesequoiad the Demonspawn Ice Elementalist began the quest
                  | for the Orb.
     0 | D:1      | Reached XP level 1. HP: 13/13 MP: 3/3
   205 | D:1      | Found a faded altar of an unknown god.
   525 | D:1      | Gained mutation: You have sharp fingernails. [demonic
                  | ancestry]
   525 | D:1      | Reached XP level 2. HP: 17/19 MP: 3/5
   818 | D:2      | Reached skill level 4 in Ice Magic
  1057 | D:2      | Found a shimmering altar of Xom.
  1351 | D:2      | Noticed Terence
  1951 | D:3      | Gained mutation: Spells you cast may paralyse adjacent
                  | enemies. [demonic ancestry]
  1951 | D:3      | Reached XP level 3. HP: 20/24 MP: 3/6
  2055 | D:3      | Noticed an orc warrior
  2082 | D:3      | Learned a level 3 spell: Frozen Ramparts
  2222 | D:2      | Killed Terence
  2429 | D:3      | Gained mutation: You have a somewhat thin skeletal
                  | structure. (Dex +2, Stealth+) [demonic ancestry]
  2429 | D:3      | Reached XP level 4. HP: 26/30 MP: 6/8
  2595 | D:3      | Reached skill level 5 in Ice Magic
  2664 | D:3      | Noticed a water moccasin
  2701 | D:2      | Killed a water moccasin
  2702 | D:2      | Gained mutation: You sometimes gain a little power by
                  | taking damage. [demonic ancestry]
  2702 | D:2      | Reached XP level 5. HP: 16/35 MP: 2/10
  3149 | D:3      | Killed an orc warrior
  3150 | D:3      | Reached skill level 6 in Ice Magic
  3150 | D:3      | Reached XP level 6. HP: 41/41 MP: 5/11
  3546 | D:4      | Found a runed translucent door.
  3546 | D:4      | Noticed Boromir's ghost (novice HOFi)
  3865 | D:4      | Found a broken altar of Ashenzari.
  4107 | D:4      | Gained mutation: Your magical capacity is low. (-10% MP)
                  | [potion of mutation]
  4107 | D:4      | Gained mutation: You are clumsy. (Dex -2) [potion of
                  | mutation]
  4108 | D:4      | Gained mutation: Spells you cast may paralyse nearby
                  | enemies. [demonic ancestry]
  4108 | D:4      | Reached XP level 7. HP: 16/46 MP: 8/12
  4395 | D:4      | Identified the +0 pair of boots of Instinct {rElec rC+
                  | Int+4 Stlth+}
  4439 | D:4      | Found a staircase to the Ecumenical Temple.
  4453 | D:4      | Reached skill level 7 in Ice Magic
  4466 | Temple   | Entered the Ecumenical Temple
  4817 | Temple   | Lost mutation: Your magical capacity is low. (-10% MP)
                  | [potion of mutation]
  4817 | Temple   | Lost mutation: You are clumsy. (Dex -2) [potion of
                  | mutation]
  4817 | Temple   | Gained mutation: You have a moderately thin skeletal
                  | structure. (Dex +4, Stealth++) [potion of mutation]
  4817 | Temple   | Gained mutation: Your movements are slightly less
                  | encumbered by armour. (ER -2) [potion of mutation]
  4817 | Temple   | Gained mutation: You are frail. (-10% HP) [potion of
                  | mutation]
  5001 | D:4      | Reached skill level 5 in Spellcasting
  5052 | D:4      | Learned a level 4 spell: Hailstorm
  5058 | D:5      | Entered Level 5 of the Dungeon
  5143 | D:5      | Reached skill level 1 in Fighting
  5143 | D:5      | Reached skill level 1 in Conjurations
  5143 | D:5      | Reached XP level 8. HP: 48/48 MP: 11/15
  5358 | D:5      | Reached skill level 8 in Ice Magic
  6200 | D:6      | Mangled by an orc warrior

Illustrated notes

Levels and vault maps discovered:
D:1:      amcnicky_arrival_double_pillar, layout_rooms,
          ebering_ecumenical_altar_mist, minmay_misc_feat_secret_circle,
          minmay_misc_feat_rows, roderic_roman_lattice, minmay_crystal_room
D:2:      layout_rooms, basic_altar, uniq_terence
D:3:      layout_basic, kennysheep_potato
D:4:      layout_loops_ring, cheibrodos_ashenzari_chains,
          minmay_temple_entry_nine_rooms, gammafunk_ghost_grave,
          chequers_serial_rivers_small_b, chequers_serial_rivers_micro_e
D:5:      lemuel_ice_spiral_2, layout_basic
D:6:      kennysheep_housing_project, layout_layer_cave, water_maze_lemuel
Temple:   minmay_freezing_vapour_temple

Skill      XL: |  1  2  3  4  5  6  7  8 |
---------------+-------------------------+-----
Ice Magic      | 4 5 6 7 8 |  8.0
Spellcasting   | 3 4 5 |  5.0
Fighting       | 1 4 |  4.2
Conjurations   | 1 4 |  4.0
Dodging        | |  1.7
Stealth        | |  1.7

Action                   |  1- 3 |  4- 6 |  7- 9 || total
-------------------------+-------+-------+-------++-------
Melee: Unarmed           |    17 |       |       ||    17
       Morningstar       |     2 |    58 |    93 ||   153
       Punch             |       |     1 |     1 ||     2
 Cast: Freeze            |    37 |    14 |    15 ||    66
       Frozen Ramparts   |     1 |    12 |    14 ||    27
  Use: Scroll            |     1 |       |     4 ||     5
       Potion            |       |     1 |     3 ||     4
 Stab: Paralysed         |     1 |    13 |    15 ||    29
       Sleeping          |       |     4 |     2 ||     6
Armor: Robe              |     7 |     6 |       ||    13
       Ring mail         |       |    28 |    77 ||   105
       Skin              |       |       |     2 ||     2
Dodge: Dodged            |    24 |    26 |    84 ||   134
